 Dungeon Crawl Stone Soup version 0.28.0-53-g5a82cb258f (webtiles) character file.

Game seed: 4532161735850561816

25 MisterFreud the Covert (level 3, -1/35 HPs)
             Began as a Gnoll Delver on June 28, 2022.
             Slain by a centaur zombie (4 damage)
             ... in an ossuary.
             The game lasted 00:02:19 (501 turns).

MisterFreud the Covert (Gnoll Delver)                Turns: 501, Time: 00:02:19

Health: -1/35      AC:  3    Str: 11    XL:     3   Next: 6%
Magic:  3/3        EV: 13    Int: 11    God:
Gold:   0          SH:  0    Dex: 13    Spells: 3/3 levels left

rFire   . . .      SeeInvis .   a - +0 short sword
rCold   . . .      Faith    .   (no shield)
rNeg    . . .      Spirit   .   b - +0 leather armour
rPois   .          Reflect  .   (no helmet)
rElec   .          Harm     .   (no cloak)
rCorr   .          Rampage  .   (no gloves)
Will    .....                   (no boots)
Stlth   ++++......              (no amulet)
HPRegen 0.11/turn               (no ring)
MPRegen 0.08/turn               (no ring)

@: marked
A: fangs 1, strong nose, distributed training
a: no special abilities


You were in an ossuary.
You visited 1 branch of the dungeon, and saw 2 of its levels.
You also visited: Ossuary.

Inventory:

Hand Weapons
 a - a +0 short sword (weapon)
Armour
 b - a +0 leather armour (worn)
Wands
 g - a wand of digging (3)
Scrolls
 c - a scroll of fog
 e - a scroll of fear
Potions
 f - a potion of haste


   Skills:
 + Level 6.5 Fighting
 + Level 4.5 Short Blades
 + Level 0.6 Long Blades
 + Level 0.6 Axes
 + Level 0.6 Maces & Flails
 + Level 0.6 Polearms
 + Level 0.6 Staves
 + Level 0.6 Slings
 + Level 0.6 Bows
 + Level 0.6 Crossbows
 + Level 0.6 Throwing
 + Level 0.6 Armour
 + Level 4.5 Dodging
 + Level 9.5 Stealth
 + Level 0.6 Shields
 + Level 0.6 Unarmed Combat
 + Level 0.6 Spellcasting
 + Level 0.4 Conjurations
 + Level 0.4 Hexes
 + Level 0.4 Summonings
 + Level 0.4 Necromancy
 + Level 0.4 Translocations
 + Level 0.4 Transmutations
 + Level 0.4 Fire Magic
 + Level 0.4 Ice Magic
 + Level 0.4 Air Magic
 + Level 0.4 Earth Magic
 + Level 0.4 Poison Magic
 + Level 0.8 Invocations
 + Level 0.6 Evocations


You had 3 spell levels left.
You didn't know any spells.
Your spell library was empty.

Dungeon Overview and Level Annotations

Branches:
Dungeon (6/15)            Ossuary (1/1)
 Temple: D:4-7

Altars:


Innate Abilities, Weirdness & Mutations

You have very sharp teeth.
Your uncanny sense of smell can sniff out nearby items.
Your experience applies equally to all skills.


Message History

The centaur zombie is lightly damaged.
The centaur zombie hits you.
* * * LOW HITPOINT WARNING * * *
The centaur zombie misses you.
You hit the centaur zombie.
The centaur zombie is moderately damaged.
The centaur zombie hits you.
* * * LOW HITPOINT WARNING * * *
The centaur zombie closely misses you.
The centaur zombie hits you but does no damage.
The centaur zombie kicks you but does no damage.
You hit the centaur zombie.
You bite the centaur zombie, but do no damage.
The centaur zombie is heavily damaged.
The centaur zombie hits you but does no damage.
The centaur zombie barely misses you.
You hit the centaur zombie.
The centaur zombie is severely damaged.
The centaur zombie closely misses you. The centaur zombie kicks you.
* * * LOW HITPOINT WARNING * * *
You hit the centaur zombie.
The centaur zombie is severely damaged.
The centaur zombie hits you.
* * * LOW HITPOINT WARNING * * *
The centaur zombie kicks you but does no damage.
You hit the centaur zombie but do no damage.
Your bite misses the centaur zombie.
The centaur zombie is severely damaged.
The centaur zombie hits you.
* * * LOW HITPOINT WARNING * * *
The centaur zombie kicks you but does no damage.
Unknown command.
The centaur zombie barely misses you.
The centaur zombie kicks you but does no damage.
The centaur zombie hits you but does no damage.
The centaur zombie kicks you but does no damage.
The centaur zombie hits you but does no damage.
The centaur zombie kicks you but does no damage.
The centaur zombie hits you.
You die...

#####################
#....................
#.............Z......
#........8..8........
#...@.....M...Z......
#..Z######..######Z..
#...# #..# #... #..Z#
#^.# #... #...# #..#
#... #..Z# .... #...
#...# #.... #...
#..Z# ∆∆#.... #...
#...# ∆∆∆#..... #.Z.


You could see a mummy, a kobold zombie, an elf zombie, a centaur zombie and a
human zombie.

Vanquished Creatures
  2 adder zombies (Ossuary)
  A goblin zombie (Ossuary)
  10 hobgoblin zombies (Ossuary)
  8 kobold zombies (Ossuary)
  7 orc zombies (Ossuary)
28 creatures vanquished.

Notes
Turn   | Place    | Note
-------+----------+-------------------------------------------
     0 | D:5      | Reached skill level 9 in Stealth
     0 | D:5      | MisterFreud the Gnoll Delver began the quest for the Orb.
     0 | D:5      | Reached XP level 1. HP: 23/23 MP: 1/1
    15 | D:6      | Found a sand-covered staircase.
    19 | Ossuary  | Entered an ossuary
    72 | Ossuary  | Reached XP level 2. HP: 29/29 MP: 2/2
   296 | Ossuary  | Reached XP level 3. HP: 23/35 MP: 3/3
   501 | Ossuary  | Slain by a centaur zombie

Illustrated notes

Levels and vault maps discovered:
D:5:      layout_basic, gammafunk_temple_overflow_claw, minmay_temple_entry_tees
D:6:      layout_cave_pools, enter_ossuary_5, serial_shops, shop_statue,
          nicolae_shop_trees, nicolae_shop_behind_doors,
          nicolae_shop_statue_plus, hellmonk_ghost_happy_afterlife, uniq_edmund,
          uniq_menkaure
Ossuary:  ossuary_tomb_1

Skill      XL: | |
---------------+-+-----
Stealth        | |  9.5
Fighting       | |  6.5
Short Blades   | |  4.5
Long Blades    | |  0.6
Axes           | |  0.6
Maces & Flails | |  0.6
Polearms       | |  0.6
Staves         | |  0.6
Slings         | |  0.6
Bows           | |  0.6
Crossbows      | |  0.6
Throwing       | |  0.6
Armour         | |  0.6
Dodging        | |  4.5
Shields        | |  0.6
Unarmed Combat | |  0.6
Spellcasting   | |  0.6
Conjurations   | |  0.4
Hexes          | |  0.4
Summonings     | |  0.4
Necromancy     | |  0.4
Translocations | |  0.4
Transmutations | |  0.4
Fire Magic     | |  0.4
Ice Magic      | |  0.4
Air Magic      | |  0.4
Earth Magic    | |  0.4
Poison Magic   | |  0.4
Invocations    | |  0.8
Evocations     | |  0.6

Action                   || total
-------------------------++-------
Melee: Short sword       ||   126
       Bite              ||    12
       Punch             ||     2
  Use: Scroll            ||     1
 Stab: Sleeping          ||     6
Armor: Leather armour    ||    29
Dodge: Dodged            ||    76
